 Dungeon Crawl Stone Soup version 0.20-a0-336-g7b05759 (webtiles) character file.

15220 Firecrotchwizard the Impaler (level 12, -2/97 HPs)
             Began as a Merfolk Gladiator on Dec 22, 2016.
             Was a High Priest of Okawaru.
             Slain by a centaur warrior
             ... wielding a cursed -3 great mace
              (18 damage)
             ... on level 11 of the Dungeon.
             The game lasted 00:41:43 (11510 turns).

Firecrotchwizard the Impaler (Merfolk Gladiator)   Turns: 11510, Time: 00:41:44

Health: -2/97      AC:  8    Str: 18    XL:     12   Next: 24%
Magic:  17/17      EV: 21    Int:  7    God:    Okawaru [*****.]
Gold:   794        SH:  0    Dex: 17    Spells: 11/11 levels left

rFire  . . .     SeeInvis .     r - +0 halberd (vamp)
rCold  + . .     Gourm    .     E - +2 leather armour {rPois}
rNeg   . . .     Faith    +     (shield currently unavailable)
rPois  +         Spirit   .     U - +0 helmet
rElec  .         Reflect  .     p - +0 cloak
rCorr  .         Harm     .     (no gloves)
MR     .....                    B - +0 pair of boots
Stlth  +.........               R - amulet of faith
                                C - +5 ring of slaying
                                v - ring of protection from cold

@: no status effects
A: change form in water, swift swim, stealthy swim
a: Heroism, Finesse, Renounce Religion


You were on level 11 of the Dungeon.
You worshipped Okawaru.
Okawaru was extremely pleased with you.
You were not hungry.

You visited 2 branches of the dungeon, and saw 12 of its levels.
You also visited: Ossuary.

You collected 794 gold pieces.

Inventory:

Hand Weapons
 r - a +0 vampiric halberd (weapon)
 J - the +4 shortbow of the Median {freeze, rC- rN+ Int+6}
   (You found it on level 7 of the Dungeon)

   It causes projectiles fired from it to freeze those they strike, causing
   extra injury to most foes and up to half again as much damage against
   particularly susceptible opponents.
   They can also slow down cold-blooded creatures.
   It affects your intelligence (+6).
   It makes you vulnerable to cold.
   It protects you from negative energy.
 P - a cursed -2 trident
Missiles
 d - 2 throwing nets
 K - 229 arrows
 T - 12 poisoned javelins (quivered)
Armour
 a - +0 steam dragon scales
 j - the +0 robe "Vutec" {rPois, unknown}
   (You took it off a centaur warrior on level 11 of the Dungeon)

   It protects you from poison.
 p - a +0 cloak (worn)
 B - a +0 pair of boots (worn)
 E - a +2 leather armour of poison resistance (worn)
 U - a +0 helmet (worn)
 Z - a +1 robe of resistance
Jewellery
 k - an uncursed amulet of regeneration
 o - an uncursed amulet of rage
 v - a ring of protection from cold (left hand)
 z - an uncursed ring of resist corrosion
 A - an uncursed amulet of guardian spirit
 C - a +5 ring of slaying (right hand)
 R - an amulet of faith (around neck)
Wands
 q - a wand of confusion (23/48)
 t - a wand of iceblast (5/15)
 D - a wand of disintegration (22/24)
Scrolls
 b - a scroll of silence {unknown}
 i - 10 scrolls of remove curse
 m - 8 scrolls of teleportation
 u - 3 scrolls of magic mapping
 H - a scroll of fog
 S - a scroll of amnesia
 Y - a scroll of vulnerability {unknown}
Potions
 e - 2 potions of brilliance {unknown}
 g - 4 potions of agility {unknown}
 h - 3 potions of invisibility
 s - 3 potions of cure mutation {unknown}
 x - 4 potions of resistance {unknown}
 I - 2 potions of haste {unknown}
 L - a potion of cancellation {unknown}
 M - 2 potions of heal wounds {unknown}
 N - a potion of flight {unknown}
 O - 2 potions of ambrosia {unknown}
 Q - a potion of might {unknown}
 X - a potion of magic {unknown}
Books
 c - a book of Frost

   Spells                             Type                      Level
   a - Freeze                         Ice                          1
   b - Throw Frost                    Conjuration/Ice              2
   c - Ozocubu's Armour               Charms/Ice                   3
   d - Throw Icicle                   Conjuration/Ice              4
   e - Summon Ice Beast               Ice/Summoning                4
 F - a book of Changes

   Spells                             Type                      Level
   a - Beastly Appendage              Transmutation                1
   b - Sticks to Snakes               Transmutation                2
   c - Spider Form                    Transmutation/Poison         3
   d - Ice Form                       Ice/Transmutation            4
   e - Blade Hands                    Transmutation                5
 G - a book of Geomancy

   Spells                             Type                      Level
   a - Sandblast                      Earth                        1
   b - Passwall                       Transmutation/Earth          2
   c - Stone Arrow                    Conjuration/Earth            3
   d - Petrify                        Transmutation/Earth          4
   e - Lee's Rapid Deconstruction     Earth                        5
 W - a book of Debilitation

   Spells                             Type                      Level
   a - Corona                         Hexes                        1
   b - Slow                           Hexes                        2
   c - Gell's Gravitas                Hexes/Translocation          3
   d - Inner Flame                    Hexes/Fire                   3
   e - Cause Fear                     Hexes                        4
   f - Leda's Liquefaction            Hexes/Earth                  4
Comestibles
 f - 10 bread rations
 n - 5 meat rations


   Skills:
 * Level 10.2 Fighting
 + Level 15.2 Polearms
 + Level 6.6 Throwing
 * Level 12.3 Dodging
 + Level 7.7 Evocations


You had 11 spell levels left.
You didn't know any spells.

Dungeon Overview and Level Annotations

Branches:
Dungeon (11/15)            Temple (1/1) D:4            Lair (0/6) D:11
    Orc: D:9-12

Altars:
Ashenzari
Cheibriados
Dithmenos
Elyvilon
Fedhas
Gozag
Hepliaklqana
Kikubaaqudgha
Makhleb
Nemelex Xobeh
Okawaru
Qazlal
Ru
Sif Muna
Trog
Uskayaw
Vehumet
Xom
Yredelemnul
Zin
The Shining One

Shops:
D:4 !

Annotations:
D:6 Prince Ribbit


Message History

You barely miss the centaur warrior.
The centaur warrior is almost dead.
The centaur warrior hits you but does no damage.
You barely miss the centaur warrior.
The centaur warrior is almost dead.
The centaur warrior hits you with an enchanted great mace.
* * * LOW HITPOINT WARNING * * *
You barely miss the centaur warrior.
The centaur warrior is almost dead.
The centaur warrior misses you.
You barely miss the centaur warrior.
The centaur warrior is almost dead.
The centaur warrior hits you with an enchanted great mace!
* * * LOW HITPOINT WARNING * * *
You hit the centaur warrior but do no damage.
The centaur warrior is almost dead.
You hit the centaur warrior but do no damage.
The centaur warrior is almost dead.
The centaur warrior hits you with an enchanted great mace!!
You die...

#..# ##...## #.....#.# #..#
#.##..)..##.# #.......# #..#
#...........# #..##.#.. #..#
#'###8.8###'# #..##.#.# #..##
##)## ##..##.#.. #...# #)..#
#...##.###
#.#.#######...#######.#.##.# #
#........###c###........##.# #
#...........)@..........##.# #
#........#.#.#.#........##.# #
#.......................##.###
#.................)......#....
###.###........#####.....#####
#......####### #.....#####
######.# #....>..... #.#
#.....##### #.# ##....# #


You could see a centaur warrior.

Vanquished Creatures
  2 centaur warriors (D:11)
  A two-headed ogre (D:11)
  A deep elf knight (D:11)
  The ghost of WeeknightWizard the Destroyer, a novice DECj of Vehumet (D:9)
  A deep elf archer (D:11)
  A deep elf mage (D:8)
  2 ugly things
  Maurice (D:8)
  A troll (D:9)
  2 hornets
  2 hippogriffs
  A shadow (D:10)
  A wyvern (D:11)
  Sigmund (D:3)
  Eustachio (D:6)
  12 yaks
  A steam dragon (D:11)
  Edmund (D:6)
  Duvessa (D:7)
  A water moccasin (D:11)
  3 porcupines (D:11)
  2 ice beasts
  A phantom (D:10)
  A black bear (D:11)
  3 sky beasts
  2 eyes of draining
  11 orc warriors
  2 necrophages
  4 ogres
  6 centaurs
  A crocodile (D:9)
  6 bullfrogs
  Dowan (D:7)
  2 wyvern skeletons
  24 killer bees
  4 wights (D:9)
  3 howler monkeys
  2 crimson imps
  2 bullfrog skeletons
  8 hounds
  A jelly (D:8)
  4 orc priests
  7 orc wizards
  2 centaur skeletons (D:10)
  4 iguanas
  3 worker ants
  2 hound zombies
  A hound skeleton (D:4)
  9 mummies
  A worker ant zombie (D:5)
  A gnoll (D:1)
  14 adders
  A howler monkey skeleton (D:9)
  4 shadow imps
  3 oozes (D:1)
  An adder zombie (D:8)
  An adder skeleton (D:9)
  2 worms
  A dart slug (D:3)
  2 leopard geckos
  25 orcs
  4 giant cockroaches
  A gnoll zombie (Ossuary)
  8 goblins
  5 hobgoblins
  18 jackals
  8 kobolds
  2 quokkas
  A ball python (D:2)
  3 bats
  4 frilled lizards
  5 hobgoblin zombies
  4 kobold zombies
  2 quokka skeletons
  A quokka zombie (D:9)
  7 rats
285 creatures vanquished.

Vanquished Creatures (others)
  7 fungi (D:11)
7 creatures vanquished.

Grand Total: 292 creatures vanquished

Notes
Turn   | Place    | Note
-------+----------+-------------------------------------------
     0 | D:1      | Firecrotchwizard the Merfolk Gladiator began the quest for the Orb.
     0 | D:1      | Reached XP level 1. HP: 16/16 MP: 1/1
    17 | D:1      | Reached skill level 5 in Polearms
    38 | D:1      | Reached XP level 2. HP: 22/22 MP: 2/2
   586 | D:1      | Reached skill level 6 in Polearms
   586 | D:1      | Reached XP level 3. HP: 27/27 MP: 3/3
  1021 | D:2      | Reached skill level 7 in Polearms
  1021 | D:2      | Reached XP level 4. HP: 33/33 MP: 4/4
  1720 | D:3      | Noticed a centaur
  1749 | D:3      | Killed a centaur
  1749 | D:3      | Reached skill level 8 in Polearms
  1749 | D:3      | Reached XP level 5. HP: 31/38 MP: 5/5
  1884 | D:3      | Noticed Sigmund
  1896 | D:3      | Killed Sigmund
  1896 | D:3      | Reached skill level 10 in Polearms
  1896 | D:3      | Reached XP level 6. HP: 34/44 MP: 6/6
  2372 | D:4      | Found Dufras's Distillery.
  2570 | D:4      | Found a white marble altar of Elyvilon.
  2620 | D:4      | Found a staircase to the Ecumenical Temple.
  2725 | Temple   | Entered the Ecumenical Temple
  2874 | Temple   | Became a worshipper of Warmaster Okawaru
  2951 | D:4      | Reached XP level 7. HP: 31/50 MP: 7/7
  3249 | D:5      | Entered Level 5 of the Dungeon
  3319 | D:5      | Reached skill level 11 in Polearms
  3639 | D:5      | Found a deep blue altar of Sif Muna.
  4139 | D:6      | Noticed Eustachio
  4149 | D:6      | Killed Eustachio
  4149 | D:6      | Reached * piety under Okawaru
  4149 | D:6      | Reached skill level 12 in Polearms
  4149 | D:6      | Reached skill level 5 in Dodging
  4149 | D:6      | Reached XP level 8. HP: 51/58 MP: 8/8
  4372 | D:6      | Noticed Edmund
  4385 | D:6      | Killed Edmund
  4468 | D:6      | Reached skill level 1 in Evocations
  4530 | D:6      | Noticed Prince Ribbit
  4776 | D:7      | Got a faintly glowing shortbow
  4988 | D:7      | Reached ** piety under Okawaru
  4992 | D:7      | Reached skill level 5 in Fighting
  4992 | D:7      | Reached XP level 9. HP: 51/68 MP: 9/11
  5190 | D:7      | Reached skill level 13 in Polearms
  5280 | D:7      | Noticed Duvessa
  5280 | D:7      | Noticed Dowan
  5287 | D:7      | Killed Duvessa
  5294 | D:7      | Killed Dowan
  5714 | D:8      | Identified the +4 shortbow of the Median {freeze, rC- rN+ Int+6} (You found it on level 7 of the Dungeon)
  5755 | D:8      | Noticed Maurice
  5801 | D:8      | Noticed a deep elf mage
  5813 | D:8      | Killed a deep elf mage
  5924 | D:8      | Reached *** piety under Okawaru
  6224 | D:8      | Found a sand-covered staircase.
  6234 | Ossuary  | Entered an ossuary
  6482 | D:8      | Reached XP level 10. HP: 77/77 MP: 13/13
  6735 | D:8      | Killed Maurice
  6735 | D:8      | Reached skill level 5 in Evocations
  6991 | D:9      | Reached skill level 14 in Polearms
  7000 | D:9      | Reached **** piety under Okawaru
  7173 | D:9      | Found a sacrificial altar of Ru.
  7176 | D:9      | Found an opulent altar of Gozag.
  7179 | D:9      | Found a glowing golden altar of the Shining One.
  7194 | D:9      | Found a shimmering altar of Xom.
  7194 | D:9      | Noticed a white ugly thing
  7204 | D:9      | Killed a white ugly thing
  7720 | D:9      | Reached skill level 5 in Throwing
  7943 | D:9      | Noticed WeeknightWizard's ghost (novice DECj)
  7980 | D:9      | Killed WeeknightWizard's ghost
  7980 | D:9      | Received a gift from Okawaru
  8241 | D:9      | Reached XP level 11. HP: 85/85 MP: 15/15
  8471 | D:10     | Entered Level 10 of the Dungeon
  8496 | D:10     | Reached skill level 10 in Dodging
  8643 | D:10     | Reached ***** piety under Okawaru
  9295 | D:9      | Received a gift from Okawaru
 10163 | D:11     | Received a gift from Okawaru
 10460 | D:11     | Noticed a two-headed ogre
 10465 | D:11     | Killed a two-headed ogre
 10465 | D:11     | Received a gift from Okawaru
 10540 | D:11     | Found an iron altar of Okawaru.
 10540 | D:11     | Noticed an orc knight
 10541 | D:11     | Noticed a centaur warrior
 10701 | D:11     | Noticed a centaur warrior
 10819 | D:11     | Killed a centaur warrior
 10928 | D:11     | Found a staircase to the Lair.
 11217 | D:11     | Reached skill level 15 in Polearms
 11259 | D:11     | Noticed a deep elf knight
 11281 | D:11     | Killed a deep elf knight
 11281 | D:11     | Reached XP level 12. HP: 14/97 MP: 17/17
 11397 | D:11     | Killed a centaur warrior
 11397 | D:11     | Reached skill level 10 in Fighting
 11477 | D:11     | Got a bloodstained robe
 11487 | D:11     | Noticed a centaur warrior
 11510 | D:11     | Slain by a centaur warrior

Vault maps used:
D:1:      dpeg_arrival_refuge
D:3:      corexii_leaking_fountain, uniq_sigmund
D:4:      elyvilon_altar_4, first_bread, serial_shops, nicolae_shop_trees,
          minmay_goblin_kobold_house
D:5:      lemuel_blue_sif_altar
D:6:      uniq_edmund, uniq_prince_ribbit1, uniq_eustachio
D:7:      grunt_livestock, uniq_duvessa
D:8:      nicolae_ossuary_entry_giza, guppyfry_early_elven_hall, uniq_maurice
D:9:      grunt_temple_overflow_cloverleaf
D:11:     evilmike_iron_armoury, grunt_lair_entry_orc_guard_hut
Temple:   regret_index_temple_sphere_string
Ossuary:  ossuary_tomb_3

Skill      XL: |  1  2  3  4  5  6  7  8  9 10 11 12 |
---------------+-------------------------------------+-----
Polearms       | 5 6 7 8 10 12 13 14 15 | 15.2
Fighting       | 3 5 6 7 9 10 | 10.2
Dodging        | 5 6 8 9 11 12 | 12.3
Evocations     | 2 4 6 7 |  7.7
Throwing       | 3 5 6 |  6.6

Action                   |  1- 3 |  4- 6 |  7- 9 | 10-12 || total
-------------------------+-------+-------+-------+-------++-------
Melee: Trident           |    72 |   106 |   298 |   362 ||   838
       Scythe            |       |    91 |    34 |       ||   125
       Halberd           |       |       |       |   272 ||   272
Throw: Throwing net      |       |       |     2 |       ||     2
       Javelin           |       |       |       |     4 ||     4
Invok: Heroism           |       |       |       |     1 ||     1
  Use: Scroll            |       |     2 |    11 |       ||    13
       Potion            |       |       |       |    11 ||    11
 Stab: Sleeping          |       |       |     1 |     2 ||     3
       Distracted        |       |       |       |     1 ||     1
       Invisible         |       |       |       |     2 ||     2
  Eat: Chunk             |       |     6 |     5 |     1 ||    12
       Beef jerky        |       |     1 |       |     1 ||     2
       Meat ration       |       |       |     2 |     2 ||     4
       Bread ration      |       |       |       |     1 ||     1
       Pizza             |       |       |       |     1 ||     1
Armor: Leather armour    |     5 |       |    33 |    39 ||    77
       Scale mail        |    16 |    51 |       |       ||    67
       Chain mail        |       |    63 |    39 |    26 ||   128
Dodge: Dodged            |    32 |   113 |   144 |   275 ||   564
